 Dungeon Crawl Stone Soup version 0.28-a0-697-g47f3eba078 (webtiles) character file.

Game seed: 9209829591511506195

33 Rennog the Skirmisher (level 3, -3/24 HPs)
             Began as a Gargoyle Fighter on Oct 23, 2021.
             Slain by an iguana (7 damage)
             ... on level 2 of the Dungeon.
             The game lasted 00:01:25 (1068 turns).

Rennog the Skirmisher (Gargoyle Fighter)            Turns: 1068, Time: 00:01:26

Health: -3/24      AC: 10    Str: 19    XL:     3   Next: 29%
Magic:  3/3        EV:  9    Int:  8    God:
Gold:   28         SH:  4    Dex: 10    Spells: 2/2 levels left

rFire   . . .      SeeInvis .   a - +0 flail
rCold   . . .      Faith    .   c - +0 buckler
rNeg    + . .      Spirit   .   b - +0 scale mail
rPois   ∞          Reflect  .   (no helmet)
rElec   +          Harm     .   (no cloak)
rCorr   .          Rampage  .   (no gloves)
Will    .....                   (no boots)
Stlth   ..........              (no amulet)
HPRegen 0.08/turn               (no ring)
MPRegen 0.08/turn               (no ring)

@: no status effects
A: sickness immunity, AC +3, negative energy resistance 1, electricity
resistance, torment resistance 1, petrification resistance
a: no special abilities


You were on level 2 of the Dungeon.
You visited 1 branch of the dungeon, and saw 2 of its levels.

You collected 28 gold pieces.

Inventory:

Hand Weapons
 a - a +0 flail (weapon)
Armour
 b - a +0 scale mail (worn)
 c - a +0 buckler (worn)
Scrolls
 e - 2 scrolls of teleportation {unknown}
 i - a scroll of amnesia {unknown}
Potions
 d - a potion of might
 f - a potion of brilliance {unknown}
 g - a potion of heal wounds {unknown}
 h - a potion of invisibility {unknown}


   Skills:
 * Level 4.1 Fighting
 + Level 2.4 Maces & Flails
 + Level 3.6 Armour
 + Level 0.1 Dodging
 - Level 3.2 Shields


You had 2 spell levels left.
You didn't know any spells.
Your spell library was empty.

Dungeon Overview and Level Annotations

Branches:
Dungeon (2/15)

Altars:


Innate Abilities, Weirdness & Mutations

You are immune to sickness and miasma.
Your stone body is resilient. (AC +3)
You are immune to poison.
You resist negative energy. (rN+)
You are resistant to electric shocks. (rElec)
You are resistant to unholy torment.
You are immune to petrification.


Message History

The iguana is moderately wounded.
The iguana bites you.
You hit the iguana.
The iguana is heavily wounded.
The iguana bites you but does no damage.
You barely miss the iguana.
The iguana is heavily wounded.
The iguana bites you but does no damage. x2
You hit the iguana but do no damage.
The iguana is heavily wounded.
The iguana bites you.
You hit the iguana but do no damage.
The iguana is heavily wounded.
The iguana bites you.
You are too injured to fight recklessly!
You are too injured to fight recklessly!
You are too injured to fight recklessly!
You are too injured to fight recklessly!
You are too injured to fight recklessly!
You are too injured to fight recklessly!
You are too injured to fight recklessly!
You are too injured to fight recklessly!
You are too injured to fight recklessly!
You are too injured to fight recklessly!
You are too injured to fight recklessly!
You are too injured to fight recklessly!
You are too injured to fight recklessly!
You are too injured to fight recklessly!
You are too injured to fight recklessly!
You are too injured to fight recklessly!
You are too injured to fight recklessly!
You are too injured to fight recklessly!
You are too injured to fight recklessly!
You are too injured to fight recklessly!
You closely miss the iguana.
The iguana is heavily wounded.
The iguana bites you.
* * * LOW HITPOINT WARNING * * *
The iguana bites you!
You die...

#...# #.#.#
#...#
#.#.#.......
#...#
#.#.#......#
#####
#.#.##.....#
#.#.##.....#
#.#.##.....#
#.##.....#
#)##.....#
#...@l...#
####........
#........
.........
####.....
..... ....
....


You could see an iguana.

Vanquished Creatures
  4 ball pythons (D:1)
  6 endoplasms (D:1)
  A giant cockroach (D:1)
  3 goblins
  4 hobgoblins (D:1)
  2 quokkas (D:1)
  4 bats (D:1)
  A frilled lizard (D:1)
  2 kobolds (D:1)
  2 rats (D:1)
29 creatures vanquished.

Notes
Turn   | Place    | Note
-------+----------+-------------------------------------------
     0 | D:1      | Rennog the Gargoyle Fighter began the quest for the Orb.
     0 | D:1      | Reached XP level 1. HP: 14/14 MP: 1/1
   276 | D:1      | Reached XP level 2. HP: 15/19 MP: 2/2
   648 | D:1      | Reached XP level 3. HP: 17/24 MP: 3/3
   650 | D:1      | Reached skill level 4 in Fighting
  1068 | D:2      | Slain by an iguana

Illustrated notes

Levels and vault maps discovered:
D:1:      grunt_arrival_lava_bath, layout_loops_cross
D:2:      layout_basic

Skill      XL: |  1  2  3 |
---------------+----------+-----
Fighting       | 4 |  4.1
Maces & Flails | |  2.4
Armour         | |  3.6
Dodging        | |  0.1
Shields        | |  3.2

Action                   || total
-------------------------++-------
Melee: Flail             ||    74
Armor: Scale mail        ||    37
Dodge: Dodged            ||    19
Block: Buckler           ||    16

Table legend: (Time is in decaauts)
 A = Elapsed time spent in this place.
 B = Non-inter-level travel time spent in this place.
 C = Inter-level travel time spent in this place.
 D = Time resting spent in this place.
 E = Time spent auto-exploring this place.
 F = Levels seen in this place.
 G = Mean time per level.
                   A        B        C        D        E       F      G
               +--------+--------+--------+--------+--------+-----+--------+
         Total |   1090 |   1079 |     11 |      0 |    904 |   2 |  545.0 |
       Dungeon |   1090 |   1079 |     11 |      0 |    904 |   2 |  545.0 |
               +--------+--------+--------+--------+--------+-----+--------+

Top non-repeatable levels by time:
     D:1: 1057 daAuts
     D:2: 32 daAuts
